 Dungeon Crawl Stone Soup version 0.29-a0-321-gf1c400731a (webtiles) character file.

Game seed: 6589532152885390903

11 GigaChad the Grave Robber (level 2, -3/19 HPs)
             Began as a Vampire Necromancer on Apr 4, 2022.
             Slain by a worm (10 damage)
             ... on level 2 of the Dungeon.
             The game lasted 00:01:25 (252 turns).

GigaChad the Grave Robber (Vampire Necromancer)      Turns: 252, Time: 00:01:26

Health: -3/19      AC:  2    Str:  7    XL:     2   Next: 13%
Magic:  1/5        EV: 12    Int: 17    God:
Gold:   28         SH:  0    Dex: 14    Spells: 4/5 levels left

rFire   . . .      SeeInvis +   c - +0 club
rCold   . . .      Faith    .   (no shield)
rNeg    . . .      Spirit   .   a - +0 robe
rPois   .          Reflect  .   (no helmet)
rElec   .          Harm     .   (no cloak)
rCorr   .          Rampage  .   (no gloves)
Will    .....                   (no boots)
Stlth   ++........              (no amulet)
HPRegen 0.26/turn               (no ring)
MPRegen 0.09/turn               (no ring)

@: healing quickly
A: alive, fangs 3, see invisible, vampiric 1
a: Exsanguinate


You were on level 2 of the Dungeon.
You visited 1 branch of the dungeon, and saw 2 of its levels.

You collected 28 gold pieces.

Inventory:

Hand Weapons
 c - a +0 club (weapon)
Armour
 a - a +0 robe (worn)
Potions
 b - a potion of magic


   Skills:
 + Level 2.2 Dodging
 + Level 3.0 Stealth
 + Level 2.2 Spellcasting
 + Level 4.8 Necromancy


You had 4 spell levels left.
You knew the following spells:

 Your Spells              Type           Power      Damage    Failure   Level
a - Pain                  Necr           72%        1d7       2%          1

Your spell library contained the following spells:

 Spells                   Type           Power      Damage    Failure   Level
 Animate Skeleton         Necr           36%        N/A       2%          1
 Vampiric Draining        Necr           18%        2d7       8%          3
 Animate Dead             Necr           9%         N/A       26%         4
 Agony                    Necr           18%        N/A       58%         5


Dungeon Overview and Level Annotations

Branches:
Dungeon (2/15)

Altars:


Innate Abilities, Weirdness & Mutations

Your natural rate of healing is accelerated.
You have razor-sharp teeth.
You have supernaturally acute eyesight. (SInv)
You are afflicted with vampirism.


Message History

Found 13 gold pieces.
A hobgoblin comes into view.
The hobgoblin shouts!
The hobgoblin barely resists.
You hear an angry hiss.
You are too depleted to draw on your mana recklessly!
The hobgoblin writhes in agony.
A worm comes into view.
You see here a bat corpse.
Things that are here:
a +0 club; a goblin corpse
c - a +0 club
c - a +0 club (weapon)
You hit the hobgoblin.
The hobgoblin is severely wounded.
The hobgoblin barely misses you.
You closely miss the hobgoblin.
The hobgoblin is severely wounded.
A goblin comes into view. It is wielding a +0 club.
The hobgoblin barely misses you. The frilled lizard misses you.
The hobgoblin closely misses you.
The goblin shouts!
You hit the hobgoblin.
The hobgoblin is almost dead.
The hobgoblin hits you. The frilled lizard closely misses you.
You hit the hobgoblin.
You kill the hobgoblin!
The bat closely misses you. The frilled lizard bites you.
The frilled lizard bites you. The bat barely misses you.
Things that are here:
a hobgoblin corpse; a bat corpse You closely miss the frilled lizard.
The bat closely misses you. The bat hits you but does no damage.
The frilled lizard bites you but does no damage.
The frilled lizard bites you. The goblin hits you with a +0 club.
You miss the frilled lizard. The bat hits you but does no damage.
The goblin closely misses you. The frilled lizard bites you.
The worm bites you!
Ouch! That really hurt!
You die...

##
#..<..#...##.###..##†.#######
.######........#.....###.##
....................####.#
######............#...##.#
#..........[##...##.##.#
#.#####.....##...^..##.# #.
#................# .!
###..............#### l
###..†@g..........#
#..blw............#
#...................
##..................
#..............$...
#....)...........##
...................
.......<..........


You could see a worm, a goblin, a bat and a frilled lizard.

Vanquished Creatures
  2 bats (D:2)
  An endoplasm (D:2)
  A giant cockroach (D:2)
  A goblin (D:2)
  A hobgoblin (D:2)
  2 jackals (D:2)
  A ball python (D:2)
9 creatures vanquished.

Notes
Turn   | Place    | Note
-------+----------+-------------------------------------------
     0 | D:1      | GigaChad the Vampire Necromancer began the quest for the
                  | Orb.
     0 | D:1      | Reached XP level 1. HP: 13/13 MP: 3/3
    43 | D:1      | You fall into a shaft and drop 1 floor!
   219 | D:2      | Reached XP level 2. HP: 16/19 MP: 1/5
   252 | D:2      | Slain by a worm

Illustrated notes

Levels and vault maps discovered:
D:1:      dpeg_arrival_tiny_h, layout_basic, minivault_11,
          minmay_shallow_snake_nest
D:2:      layout_rooms

Action                   || total
-------------------------++-------
Melee: Club              ||     6
 Cast: Pain              ||    14
Armor: Robe              ||     3
Dodge: Dodged            ||    11

Table legend: (Time is in decaauts)
 A = Elapsed time spent in this place.
 B = Non-inter-level travel time spent in this place.
 C = Inter-level travel time spent in this place.
 D = Time resting spent in this place.
 E = Time spent auto-exploring this place.
 F = Levels seen in this place.
 G = Mean time per level.
                   A        B        C        D        E       F      G
               +--------+--------+--------+--------+--------+-----+--------+
         Total |    252 |    252 |      0 |     34 |     53 |   2 |  126.0 |
       Dungeon |    252 |    252 |      0 |     34 |     53 |   2 |  126.0 |
               +--------+--------+--------+--------+--------+-----+--------+

Top non-repeatable levels by time:
     D:2: 209 daAuts
     D:1: 43 daAuts
